PIO (24 & UNDER)
SURREY SINNERS @ CHULA VISTA TACOS
05/05/2023
 
TOP OF THE 1ST
Surrey Sinners batting - Pitching for Chula Vista Tacos : LHP John Lawson
Pitching: LHP John Lawson
Batting: RHB Tony Cruz 0-0: Called Strike
0-1: Ball
1-1: DOUBLE (Line Drive, 7LM)
Batting: RHB Miguel Palácios 0-0: Ball
1-0: Ball
2-0: Ball
3-0: Base on Balls
Batting: RHB Jesús Gonzáles 0-0: SINGLE (Line Drive, 6M)
Tony Cruz to third
Miguel Palácios to second
Batting: RHB Héctor Berrios 0-0: Ball
1-0: SINGLE (Line Drive, 4MD)
Tony Cruz scores
Miguel Palácios to third
Jesús Gonzáles to second
Batting: LHB Edmund Ross 0-0: Swinging Strike
0-1: Called Strike
0-2: Ball
1-2: Foul Ball, location: 2F
1-2: Foul Ball, location: 2F
1-2: Ball
2-2: Ball
3-2: Foul Ball, location: 2F
3-2: Foul Ball, location: 2F
3-2: Strikes out looking
Batting: RHB Bill Little 0-0: Called Strike
0-1: Ball
1-1: Swinging Strike
1-2: Fly out, F8 (Flyball, 8LM)
Runner from 3rd tags up, SCORES, no throw
Batting: SHB Lawrence Steward 0-0: Ball
1-0: Fly out, F9 (Flyball, 9M)
Top of the 1st over - 2 run(s), 3 hit(s), 0 error(s), 2 left on base; Surrey 2 - Chula Vista 0
BOTTOM OF THE 1ST
Chula Vista Tacos batting - Pitching for Surrey Sinners : RHP Michael Chapman
Pitching: RHP Michael Chapman
Batting: SHB Brian Price 0-0: Ball
1-0: TRIPLE (Groundball, 3L)
Batting: SHB Adrián Nieto 0-0: Called Strike
0-1: DOUBLE (Groundball, 3L)
Brian Price scores
Batting: LHB Mario Olivares 0-0: Called Strike
0-1: Foul Ball, location: 2F
0-2: Ball
1-2: Foul Ball, location: 2F
1-2: Ball
2-2: Foul Ball, location: 2F
2-2: Foul Ball, location: 2F
2-2: Ball
3-2: Foul Ball, location: 2F
3-2: Base on Balls
Batting: LHB Noriaki Sangi 0-0: Ball
1-0: Fielders Choice at 2nd, 4-6 (Groundball, 4)
Adrián Nieto to third
Batting: RHB Jorge Collazo 0-0: Ball
1-0: Ball
2-0: Fly out, F3 (Popup, 3L)
Batting: LHB Jaime Icaza 0-0: Called Strike
0-1: Ball
1-1: Swinging Strike
1-2: Strikes out swinging
Bottom of the 1st over - 1 run(s), 2 hit(s), 0 error(s), 2 left on base; Surrey 2 - Chula Vista 1
TOP OF THE 2ND
Surrey Sinners batting - Pitching for Chula Vista Tacos : LHP John Lawson
Batting: RHB Víctor Arredondo 0-0: Called Strike
0-1: Ball
1-1: Ball
2-1: Ball
3-1: Foul Ball, location: 2F
3-2: Base on Balls
Batting: LHB Nick English 0-0: Ball
1-0: Ball
Víctor Arredondo is caught stealing 2nd base
2-0: Ball
3-0: Called Strike
3-1: Foul Ball, location: 2F
3-2: Fly out, F8 (Flyball, 8RM)
Batting: RHB Tony Cruz 0-0: Called Strike
0-1: Ball
1-1: Foul Ball, location: 2F
1-2: Fly out, F7 (Popup, 56D)
Top of the 2nd over - 0 run(s), 0 hit(s), 0 error(s), 0 left on base; Surrey 2 - Chula Vista 1
BOTTOM OF THE 2ND
Chula Vista Tacos batting - Pitching for Surrey Sinners : RHP Michael Chapman
Batting: RHB Scott Green 0-0: Ball
1-0: Called Strike
1-1: Ball
2-1: Ground out 2-3 (Groundball, 23)
Batting: RHB Luis Martínez 0-0: Ball
1-0: Ball
2-0: Swinging Strike
2-1: Foul Ball, location: 2F
2-2: Ground out 6-3 (Groundball, 6M)
Batting: RHB Manuel Guerrero 0-0: Ball
1-0: Ball
2-0: Called Strike
2-1: Called Strike
2-2: Strikes out looking
Bottom of the 2nd over - 0 run(s), 0 hit(s), 0 error(s), 0 left on base; Surrey 2 - Chula Vista 1
TOP OF THE 3RD
Surrey Sinners batting - Pitching for Chula Vista Tacos : LHP John Lawson
Batting: RHB Miguel Palácios 0-0: Ball
1-0: DOUBLE (Line Drive, 8RS)
Batting: RHB Jesús Gonzáles 0-0: SINGLE (Line Drive, 4MD)
Miguel Palácios to third
Batting: RHB Héctor Berrios 0-0: DOUBLE (Line Drive, 7LM)
Miguel Palácios scores
Jesús Gonzáles to third
Runner from 3rd tries for Home, SAFE, no throw or cutoff
Batting: LHB Edmund Ross 0-0: Called Strike
0-1: Swinging Strike
0-2: Foul Ball, location: 2F
0-2: Ball
1-2: Ball
2-2: Foul Ball, location: 2F
2-2: Strikes out looking
Batting: RHB Bill Little 0-0: Ball
1-0: Swinging Strike
1-1: Ball
2-1: Ball
Wild Pitch!
Héctor Berrios to third
3-1: Base on Balls
Steal of home, Héctor Berrios is out
Batting: SHB Lawrence Steward 0-0: Called Strike
0-1: Ball
1-1: Called Strike
1-2: Ball
2-2: Foul Ball, location: 2F
2-2: Ball
3-2: Strikes out swinging
Top of the 3rd over - 2 run(s), 3 hit(s), 0 error(s), 1 left on base; Surrey 4 - Chula Vista 1
BOTTOM OF THE 3RD
Chula Vista Tacos batting - Pitching for Surrey Sinners : RHP Michael Chapman
Batting: SHB Brian Price 0-0: Foul Ball, location: 2F
0-1: Ball
1-1: Ball
2-1: Ball
3-1: Base on Balls
Batting: SHB Adrián Nieto 0-0: Ball
1-0: Ball
2-0: Fly out, F5 (Popup, 56S)
Batting: LHB Mario Olivares 0-0: Ball
1-0: Called Strike
1-1: Ball
2-1: Ball
3-1: SINGLE (Groundball, 4M)
Brian Price to second
Batting: LHB Noriaki Sangi 0-0: Called Strike
0-1: Ball
1-1: Ball
2-1: Ball
3-1: Base on Balls
Brian Price to third
Mario Olivares to second
Batting: RHB Jorge Collazo 0-0: Called Strike
0-1: Fly out, F8 (Flyball, 8RM)
Runner from 3rd tags up, SCORES, throw made
Batting: LHB Jaime Icaza 0-0: Foul Ball, location: 2F
0-1: Ball
1-1: Swinging Strike
1-2: Strikes out swinging
Bottom of the 3rd over - 1 run(s), 1 hit(s), 0 error(s), 2 left on base; Surrey 4 - Chula Vista 2
TOP OF THE 4TH
Surrey Sinners batting - Pitching for Chula Vista Tacos : LHP John Lawson
Batting: RHB Víctor Arredondo 0-0: Ball
1-0: Fly out, F4 (Popup, 4D)
Batting: LHB Nick English 0-0: Foul Ball, location: 2F
0-1: Ground out 3-1 (Groundball, 34)
Batting: RHB Tony Cruz 0-0: Called Strike
0-1: Called Strike
0-2: Ball
1-2: Fly out, F1 (Line Drive, 15)
Top of the 4th over - 0 run(s), 0 hit(s), 0 error(s), 0 left on base; Surrey 4 - Chula Vista 2
BOTTOM OF THE 4TH
Chula Vista Tacos batting - Pitching for Surrey Sinners : RHP Michael Chapman
Batting: RHB Scott Green 0-0: Ball
1-0: Ball
2-0: Called Strike
2-1: Foul Ball, location: 2F
2-2: Foul Ball, location: 2F
2-2: Strikes out swinging
Batting: RHB Luis Martínez 0-0: Called Strike
0-1: Foul Ball, location: 2F
0-2: Foul Ball, location: 2F
0-2: Fly out, F8 (Flyball, 8RM)
Batting: RHB Manuel Guerrero 0-0: Called Strike
0-1: Ball
1-1: Swinging Strike
1-2: Ball
2-2: Foul Ball, location: 2F
2-2: Foul Ball, location: 2F
2-2: Strikes out swinging
Bottom of the 4th over - 0 run(s), 0 hit(s), 0 error(s), 0 left on base; Surrey 4 - Chula Vista 2
TOP OF THE 5TH
Surrey Sinners batting - Pitching for Chula Vista Tacos : LHP John Lawson
Batting: RHB Miguel Palácios 0-0: Ball
1-0: Ball
2-0: Foul Ball, location: 2F
2-1: Foul Ball, location: 2F
2-2: Ball
3-2: Base on Balls
Batting: RHB Jesús Gonzáles 0-0: Foul Ball, location: 2F
0-1: Foul Ball, location: 2F
0-2: SINGLE (Groundball, 4MD)
Miguel Palácios to second
Runner from 2nd tries for 3rd, SAFE, no throw or cutoff
Batting: RHB Héctor Berrios 0-0: Foul Ball, location: 2F
0-1: Ball
1-1: Ball
2-1: SINGLE (Line Drive, 4D)
Miguel Palácios scores
Jesús Gonzáles to second
Pitching: LHP Jerry Green
Batting: LHB Edmund Ross 0-0: Ball
1-0: Ball
2-0: Fly out, F7 (Popup, 7LS)
Batting: RHB Bill Little 0-0: Foul Ball, location: 2F
0-1: Ball
Throwing error on steal attempt, E2
Jesús Gonzáles scores
Héctor Berrios to third
1-1: Swinging Strike
1-2: SINGLE (Groundball, 6M)
Héctor Berrios scores
Batting: SHB Lawrence Steward 0-0: Called Strike
0-1: Called Strike
0-2: Ball
1-2: Foul Ball, location: 2F
1-2: Ball
2-2: Foul Ball, location: 2F
2-2: Foul Ball, location: 2F
2-2: Ball
3-2: Foul Ball, location: 2F
3-2: Grounds into double play, 5-4-3 (Groundball, 56)
Top of the 5th over - 3 run(s), 3 hit(s), 1 error(s), 0 left on base; Surrey 7 - Chula Vista 2
BOTTOM OF THE 5TH
Chula Vista Tacos batting - Pitching for Surrey Sinners : RHP Michael Chapman
Batting: SHB Brian Price 0-0: Called Strike
0-1: Foul Ball, location: 2F
0-2: Strikes out swinging
Batting: SHB Adrián Nieto 0-0: Called Strike
0-1: Hit by Pitch
Pitching: RHP Jesse Jones
Batting: LHB Mario Olivares 0-0: Called Strike
0-1: Called Strike
0-2: Strikes out swinging
Batting: LHB Noriaki Sangi 0-0: Called Strike
0-1: Foul Ball, location: 2F
0-2: Ball
Pickoff Throw to First - Out!
Bottom of the 5th over - 0 run(s), 0 hit(s), 0 error(s), 0 left on base; Surrey 7 - Chula Vista 2
TOP OF THE 6TH
Surrey Sinners batting - Pitching for Chula Vista Tacos : LHP Jerry Green
Batting: RHB Víctor Arredondo 0-0: Ball
1-0: Fly out, F7 (Flyball, 78M)
Batting: LHB Nick English 0-0: Ball
1-0: Ball
2-0: Called Strike
2-1: Called Strike
2-2: Foul Ball, location: 2F
2-2: Fly out, F3 (Popup, 3SF)
Batting: RHB Tony Cruz 0-0: Called Strike
0-1: Ball
1-1: Ball
2-1: Foul Ball, location: 2F
2-2: Foul Ball, location: 2F
2-2: Foul Ball, location: 2F
2-2: Strikes out swinging
Top of the 6th over - 0 run(s), 0 hit(s), 0 error(s), 0 left on base; Surrey 7 - Chula Vista 2
BOTTOM OF THE 6TH
Chula Vista Tacos batting - Pitching for Surrey Sinners : RHP Jesse Jones
Batting: LHB Noriaki Sangi 0-0: Ball
1-0: Ball
2-0: Ball
3-0: Called Strike
3-1: Base on Balls
Batting: RHB Jorge Collazo 0-0: Ball
1-0: Ball
2-0: Foul Ball, location: 2F
2-1: Fielders Choice at 2nd, 4-6 (Groundball, 4)
Batting: LHB Jaime Icaza 0-0: Ball
1-0: Called Strike
1-1: Ball
2-1: Fielders Choice at 2nd, 4-6 (Groundball, 34)
Batting: RHB Scott Green 0-0: Ball
1-0: Called Strike
1-1: Foul Ball, location: 2F
1-2: Strikes out swinging
Bottom of the 6th over - 0 run(s), 0 hit(s), 0 error(s), 1 left on base; Surrey 7 - Chula Vista 2
TOP OF THE 7TH
Surrey Sinners batting - Pitching for Chula Vista Tacos : LHP Jerry Green
Pitching: RHP Mike Marrero
Batting: RHB Miguel Palácios 0-0: Called Strike
0-1: Called Strike
0-2: Ball
1-2: Ball
2-2: Strikes out swinging
Batting: RHB Jesús Gonzáles 0-0: Fly out, F4 (Popup, 3D)
Batting: RHB Héctor Berrios 0-0: Ball
1-0: Ball
2-0: Foul Ball, location: 2F
2-1: Ball
3-1: Foul Ball, location: 2F
3-2: Strikes out looking
Top of the 7th over - 0 run(s), 0 hit(s), 0 error(s), 0 left on base; Surrey 7 - Chula Vista 2
BOTTOM OF THE 7TH
Chula Vista Tacos batting - Pitching for Surrey Sinners : RHP Jesse Jones
Batting: RHB Luis Martínez 0-0: Ball
1-0: Swinging Strike
1-1: Foul Ball, location: 2F
1-2: Ground out 2-3 (Groundball, 25)
Pitching: LHP Luis Perea
Batting: RHB Manuel Guerrero 0-0: Foul Ball, location: 2F
0-1: Ball
1-1: Swinging Strike
1-2: Ball
2-2: Fly out, F8 (Flyball, 8LM)
Batting: SHB Brian Price 0-0: Called Strike
0-1: Ball
1-1: Ball
2-1: Swinging Strike
2-2: Foul Ball, location: 2F
2-2: Fly out, F9 (Flyball, 89S)
Bottom of the 7th over - 0 run(s), 0 hit(s), 0 error(s), 0 left on base; Surrey 7 - Chula Vista 2
TOP OF THE 8TH
Surrey Sinners batting - Pitching for Chula Vista Tacos : RHP Mike Marrero
Batting: LHB Edmund Ross 0-0: Called Strike
0-1: Ball
1-1: Foul Ball, location: 2F
1-2: Ball
2-2: Strikes out swinging
Batting: RHB Bill Little 0-0: Called Strike
0-1: Called Strike
0-2: Strikes out swinging
Batting: SHB Lawrence Steward 0-0: Ground out 3-1 (Groundball, 34)
Top of the 8th over - 0 run(s), 0 hit(s), 0 error(s), 0 left on base; Surrey 7 - Chula Vista 2
BOTTOM OF THE 8TH
Chula Vista Tacos batting - Pitching for Surrey Sinners : LHP Luis Perea
Batting: SHB Adrián Nieto 0-0: Ball
1-0: Ground out U3 (Groundball, 3S)
Batting: LHB Mario Olivares 0-0: Fly out, F7 (Flyball, 7D)
Batting: LHB Noriaki Sangi 0-0: Foul Ball, location: 2F
0-1: Ball
1-1: Called Strike
1-2: Foul Ball, location: 2F
1-2: Strikes out swinging
Bottom of the 8th over - 0 run(s), 0 hit(s), 0 error(s), 0 left on base; Surrey 7 - Chula Vista 2
TOP OF THE 9TH
Surrey Sinners batting - Pitching for Chula Vista Tacos : RHP Mike Marrero
Batting: RHB Víctor Arredondo 0-0: Called Strike
0-1: Ball
1-1: Ball
2-1: Called Strike
2-2: Fly out, F7 (Line Drive, 7M)
Batting: LHB Nick English 0-0: Ground out 6-3 (Groundball, 6M)
Batting: RHB Tony Cruz 0-0: Ball
1-0: Ball
2-0: Ball
3-0: Base on Balls
Batting: RHB Miguel Palácios 0-0: Called Strike
0-1: Foul Ball, location: 2F
0-2: Strikes out looking
Top of the 9th over - 0 run(s), 0 hit(s), 0 error(s), 1 left on base; Surrey 7 - Chula Vista 2
BOTTOM OF THE 9TH
Chula Vista Tacos batting - Pitching for Surrey Sinners : LHP Luis Perea
Pitching: LHP Artie Nelson
Now at 1B: Benny Richard
Batting: RHB Jorge Collazo 0-0: Called Strike
0-1: Ball
1-1: Foul Ball, location: 2F
1-2: Strikes out swinging
Batting: LHB Jaime Icaza 0-0: Ball
1-0: Called Strike
1-1: DOUBLE (Flyball, 78M)
Batting: RHB Scott Green 0-0: Called Strike
0-1: Swinging Strike
0-2: Ball
1-2: Strikes out looking
Batting: RHB Luis Martínez 0-0: Ball
1-0: Called Strike
1-1: Swinging Strike
1-2: Ball
2-2: Foul Ball, location: 2F
2-2: Ground out 5-3 (Groundball, 5L)
Bottom of the 9th over - 0 run(s), 1 hit(s), 0 error(s), 1 left on base; Surrey 7 - Chula Vista 2
This league is powered by Out of the Park Baseball, the baseball management simulation game for PC, Mac and Linux
Wednesday, December 2nd, 2015 - OOTP Baseball 16.8 Build 38